Cogmind - Beta 14 @@@ ROGUE MODE // 2024.09.07 @ 21:43:11 Player: s0lid Result: Destroyed by D-53 Grenadier with Mini Grenade Launcher Performance ------------- Evolutions (0) 0 Regions Visited (2) 400 Robots Destroyed (8) 40 Value Destroyed (122) 122 Prototype IDs (0) 0 Alien Tech Used (0) 0 Bonus (0) 0 TOTAL SCORE: 562 Bonus ------- None Cogmind --------- Core Integrity 0/250 Matter 242/300 Energy 56/100 System Corruption 4% Temperature Cool (0) Movement Core (50) Location -10/Mines Parts ------- > --- POWER (1) -------- (None) > --- PROPULSION (2) --- (None) > --- UTILITY (2) ------ Seismic Detector > --- WEAPON (2) ------- (None) > --- INVENTORY (5) ---- Light Ion Engine Small Storage Unit Improved Terrain Scanner Light Assault Rifle Rocket Launcher Peak State ------------ > --- POWER ------------ Light Nuclear Core > --- PROPULSION ------- Light Treads Light Treads > --- UTILITY ---------- Small Storage Unit Seismic Detector > --- WEAPON ----------- Assault Rifle Rocket Launcher > --- INVENTORY -------- Light Ion Engine Wheel Wheel Improved Terrain Scanner Assault Rifle Light Assault Rifle Datajack Mining Laser [Rating: 11] Favorites ----------- Power Ion Engine Engine Ion Engine Power Core Light Nuclear Core Propulsion Light Treads Treads Light Treads Wheel Wheel Utility Small Storage Unit Device Seismic Detector Storage Small Storage Unit Weapon Assault Rifle Ballistic Gun Assault Rifle Launcher Rocket Launcher Special Weapon Mining Laser Special Melee Weapon Datajack Build | -11 -10 -10 ------- Run | Yrd Mat Min Slots Evolved . | . . . Power . | . . . Propulsion . | . . . Utility . | . . . Weapon . | . . . Parts Attached 18 | 9 . 9 Power 2 | 1 . 1 Engine 1 | 1 . . Core 1 | . . 1 Reactor . | . . . Propulsion 8 | 4 . 4 Treads 4 | 2 . 2 Leg . | . . . Wheel 4 | 2 . 2 Hover . | . . . Flight . | . . . Utility 2 | 2 . . Device 1 | 1 . . Storage 1 | 1 . . Processor . | . . . Hackware . | . . . Protection . | . . . Artifact . | . . . Weapon 6 | 2 . 4 Energy Gun . | . . . Energy Cannon . | . . . Ballistic Gun 3 | 2 . 1 Ballistic Cannon . | . . . Launcher 1 | . . 1 Special Weapon 1 | . . 1 Impact Weapon . | . . . Slashing Weapon . | . . . Piercing Weapon . | . . . Special Melee Weapon 1 | . . 1 Unidentified Prototypes . | . . . Parts Lost 9 | . . 9 Power 1 | . . 1 Propulsion 4 | . . 4 Utility . | . . . Weapon 4 | . . 4 Highest Loss Streak 9 | . . 9 To Critical Strikes . | . . . Average Slot Usage (%) 97 | . 100 97 Engine 4 | . 14 3 Core 8 | . . 9 Treads 26 | . 28 26 Device 14 | . 14 14 Storage 13 | . 14 13 Ballistic Gun 26 | . 28 26 Peak Build Rating 11 | 8 8 11 Average Rating 8 | 6 8 9 On Entrance 5 | . 8 8 Naked Turns . | . . . Heaviest Build 17 | 15 15 17 Greatest Support 40 | 26 40 40 Greatest Overweight (x) 4 | 4 4 . Average Overweight (x) . | 3 . . Largest Inventory Capacity 8 | 8 8 8 Average Capacity 7 | 7 8 7 Most Carried 8 | 8 8 8 Average Carried 7 | 6 8 7 Final Capacity 8 | 8 8 5 Final Carried 8 | 8 8 5 Class Distribution -------------------- 100% | Mutant Dominant Class ---------------- Mutant | -10/Materials Mutant | -10/Mines Resources | -11 -10 -10 ----------- Run | Yrd Mat Min Matter Collected 401 | 350 . 51 Remotely . | . . . Salvage Created 248 | 134 . 114 Parts 19 | 15 . 4 Haulers Intercepted . | . . . Recyclers Shooed 1 | 1 . . Parts Field Recycled . | . . . Retrieved Matter . | . . . Parts Self-Destructed . | . . . Prevented . | . . . Kills | -11 -10 -10 ------- Run | Yrd Mat Min Combat Hostiles Destroyed 6 | . . 6 Guns 2 | . . 2 AOE 4 | . . 4 Classes Destroyed 4 | 2 . 2 Tunneler 5 | 5 . . Recycler 1 | 1 . . Grunt 2 | . . 2 Assembled 4 | . . 4 Best Kill Streak 4 | 2 . 4 Combat Bots Only 4 | . . 4 Max Kills in Single Turn 4 | 1 . 4 Gunslinging . | . . . Exploded 4 | . . 4 Melee . | . . . Uniques/NPCs Destroyed . | . . . Combat | -11 -10 -10 -------- Run | Yrd Mat Min Hostile Shots Fired 59 | . 26 33 Missed 10 | . 4 6 Damage Taken 1028 | . 258 770 Core 263 | . 35 228 Absorbed by Shields . | . . . Core Remaining (%) 100 | 100 . . Volleys Fired 22 | 10 2 10 Largest 2 | 2 2 2 Hottest 40 | 40 40 40 Shots Fired 41 | 20 4 17 Gun 40 | 20 4 16 Cannon . | . . . Launcher 1 | . . 1 Special . | . . . Kinetic 40 | 20 4 16 Thermal . | . . . Explosive 1 | . . 1 Electromagnetic . | . . . Robot Hit Streak 5 | 5 3 4 Robot Miss Streak 5 | 2 3 5 Penetration Max . | . . . Secondary Targets . | . . . Shots Hit Robots 19 | 10 3 6 Core Hits 20 | 7 1 12 Critical Kills . | . . . Critical Parts Destroyed . | . . . Critical Strikes . | . . . Melee Attacks . | . . . Impact . | . . . Slashing . | . . . Piercing . | . . . Sneak Attacks . | . . . Combat Hostiles . | . . . Follow-up Attacks . | . . . Damage Inflicted 504 | 118 40 346 Guns 240 | 118 40 82 Cannons . | . . . Explosions 264 | . . 264 Melee . | . . . Ramming . | . . . Kinetic 240 | 118 40 82 Thermal . | . . . Explosive 264 | . . 264 Electromagnetic . | . . . Impact . | . . . Slashing . | . . . Piercing . | . . . Highest Corruption 4 | . . 4 Average Corruption 4 | . . 4 Corruption Purged . | . . . Corruption Blocked . | . . . Overload Shots . | . . . Overflow Damage 14 | . . 14 Projectiles . | . . . Explosions 14 | . . 14 Melee . | . . . Knockbacks . | . . . Impact . | . . . Kinetic . | . . . Secondary . | . . . Self-Inflicted Damage . | . . . Shots . | . . . Rammed 2 | . 2 . Targets Rammed 2 | . 2 . Kicked . | . . . Crushed . | . . . Highest Temperature 20 | . 6 20 Average Temperature 9 | . 6 10 Received Heat Transfer 250 | . 147 103 Siege Activations . | . . . Robots Corrupted . | . . . Combat Hostiles . | . . . Parts Fried . | . . . Impact Corruptions . | . . . Robots Melted . | . . . Combat Hostiles . | . . . Parts Melted . | . . . Heat Transferred . | . . . Parts Sabotaged . | . . . Parts Stolen . | . . . Parts Stripped . | . . . Power Chain Reactions . | . . . Alert | -11 -10 -10 ------- Run | Yrd Mat Min Peak Influence 89 | 30 64 89 Initial 24 | . 19 24 Average 35 | 12 46 48 Maximum Alert Level . | . . . Low Security (%) 100 | 100 100 100 Level 1 . | . . . Level 2 . | . . . Level 3 . | . . . Level 4 . | . . . Level 5 . | . . . High Security . | . . . Max Security . | . . . Squads Dispatched 1 | . 1 . Investigation . | . . . Extermination . | . . . Reinforcement 1 | . 1 . Assault . | . . . Garrison . | . . . Intercept . | . . . Searches Triggered . | . . . Construction Impeded . | . . . Haulers Reinforced . | . . . Active Scanning Responses . | . . . Cargo Convoy Interrupts . | . . . Stealth | -11 -10 -10 --------- Run | Yrd Mat Min Distress Signals 2 | . 2 . Communications Jammed . | . . . Distress Signals . | . . . Times Spotted 31 | . 9 22 Peak Tracking Total 12 | . 8 12 Tactical Retreats 2 | . 1 1 Traps | -11 -10 -10 ------- Run | Yrd Mat Min Traps Triggered . | . . . Indirectly . | . . . Trap Hack Attempts . | . . . Triggered . | . . . Disarmed . | . . . Reprogrammed . | . . . Reused . | . . . Traps Extracted . | . . . Installed . | . . . Triggered . | . . . Machines | -11 -10 -10 ---------- Run | Yrd Mat Min Machines Disabled . | . . . Max in Single Turn . | . . . Machines Repaired . | . . . Machines Dismantled . | . . . Machines Sabotaged . | . . . Overloaded Fab Kills . | . . . Hacking | -11 -10 -10 --------- Run | Yrd Mat Min Machines Accessed 1 | . 1 . Terminals 1 | . 1 . Fabricators . | . . . Repair Stations . | . . . Recycling Units . | . . . Scanalyzers . | . . . Garrison Access . | . . . Total Hacks 5 | . 5 . Successful 2 | . 2 . Failed 3 | . 3 . Catastrophic 1 | . 1 . Database Lockouts . | . . . Manual 4 | . 4 . Terminals 5 | . 5 . Fabricators . | . . . Repair Stations . | . . . Recycling Units . | . . . Scanalyzers . | . . . Garrison Access . | . . . Terminal Hacks 2 | . 2 . Robot Analysis 1 | . 1 . Hauler Manifests 1 | . 1 . Fabricator Hacks . | . . . Repair Station Hacks . | . . . Recycling Unit Hacks . | . . . Scanalyzer . | . . . Garrison Access Hacks . | . . . Unauthorized Hacks . | . . . Terminals . | . . . Fabricators . | . . . Repair Stations . | . . . Recycling Units . | . . . Scanalyzers . | . . . Garrison Access . | . . . Data Cores Recovered . | . . . Used . | . . . Hacking Detections 1 | . 1 . Full Trace Events 1 | . 1 . Feedback Events . | . . . Feedback Blocked . | . . . Robot Schematics Acquired . | . . . Robots Built . | . . . Authchips . | . . . Time . | . . . Total Robot Build Rating . | . . . Part Schematics Acquired . | . . . Parts Built . | . . . Authchips . | . . . Time . | . . . Total Part Build Rating . | . . . Parts Repaired . | . . . Time . | . . . Parts Recycled . | . . . Recycled Matter . | . . . Retrieved Matter . | . . . Retrieved Components . | . . . Parts Scanalyzed . | . . . Part Schematics Acquired . | . . . Parts Damaged . | . . . Bothacking | -11 -10 -10 ------------ Run | Yrd Mat Min Used RIF Installer . | . . . Robots Hacked . | . . . Non-combat . | . . . Combat . | . . . Robot Hacks Applied . | . . . Relay Couplers Released . | . . . Fabnet Peak Effective % . | . . . Robots Rewired . | . . . Allies Hacked . | . . . Hacks Repelled . | . . . Allies | -11 -10 -10 -------- Run | Yrd Mat Min Total Allies . | . . . Largest Group . | . . . Highest-Rated Group . | . . . Highest-Rated Ally . | . . . Total Orders . | . . . Ally Attacks . | . . . Total Damage . | . . . Kills . | . . . Allies Corrupted . | . . . Allies Melted . | . . . Intel | -11 -10 -10 ------- Run | Yrd Mat Min Robot Analysis Total 1 | . 1 . Derelict Logs Recovered 2 | . . 2 Drone Launches . | . . . Drone Recoveries . | . . . Exploration | -11 -10 -10 ------------- Run | Yrd Mat Min Turns Passed 1070 | 392 94 584 Spaces Moved 563 | 158 40 365 Core 157 | 126 1 30 Treads 361 | 5 39 317 Legs . | . . . Wheels 45 | 27 . 18 Hover . | . . . Flight . | . . . Fastest Speed 50 | 50 160 50 Average Speed 167 | 216 162 147 Slowest Speed 250 | 250 250 160 Overloaded Moves . | . . . Propulsion Burnouts . | . . . Robots Hopped . | . . . Cave-ins Triggered . | . . . Exploration Rate (%) 34 | 11 9 82 Regions Visited 2 Branch Regions 1 Pre-discovered Areas . | . . . Known Exits Taken . | . . . Unknown Exits Taken 2 | 1 1 . Scrap Searched 1 | . . 1 Spaces Dug . | . . . Terrain Destroyed 8 | . . 8 Melee . | . . . Projectile . | . . . AOE 8 | . . 8 Terrain Rammed . | . . . Walls Destroyed . | . . . Machines Disabled . | . . . Actions | -11 -10 -10 --------- Run | Yrd Mat Min Total 646 | 186 64 396 Wait 25 | . 21 4 Move 561 | 157 39 365 Hop . | . . . Pick Up 10 | 7 . 3 Fast Attach 9 | 9 . . Attach 4 | . . 4 Detach 3 | 2 . 1 Swap 5 | . . 5 Drop 5 | 1 . 4 Fire 22 | 10 2 10 Melee . | . . . Ram . | . . . Kick . | . . . Crush 2 | . 2 . Escape Stasis . | . . . Rewire . | . . . Trap . | . . . Miscellaneous . | . . . Route ------- -11/Scrapyard -10/Materials -10/Mines History --------- Turn | Location | Event 9 | -11/Scrapyard | Discovered new exit (range 16) 393 | -11/Scrapyard | Entered Materials 393 | -10/Materials | Discovered new exit (range 14) 394 | -10/Materials | Build established: Mutant 487 | -10/Materials | Entered Mines 647 | -10/Mines | Learned Materials stockpile data 718 | -10/Mines | Received a Rocket Launcher from a helpful Derelict 877 | -10/Mines | Learned Materials trap positions 992 | -10/Mines | Assembled infested the area 997 | -10/Mines | Assisted by a Guerilla fighting off Assembled 1050 | -10/Mines | Core integrity fell below 50% 1070 | -10/Mines | Core integrity fell below 20% 1071 | -10/Mines | Destroyed by D-53 Grenadier with Mini Grenade Launcher Last Messages --------------- 01018_ as-57540 destroyed. 01018_ as-98443 destroyed. 01018_ as-79131 destroyed. 01019_ as-98824 destroyed. 01020_ as-94208 destroyed. 01023_ The unstable cave ceiling collapses. 01036_ K-01 Serf collects debris. 01040_ The unstable cave ceiling collapses. 01045_ Wheel destroyed. 01045_ System corrupted by crushing effect (+4). 01047_ Wheel destroyed. 01047_ as-25489 destroyed. 01049_ Assault Rifle destroyed. 01051_ Lgt. Nuclear Core destroyed. 01051_ as-86875 destroyed. 01056_ The unstable cave ceiling collapses. 01056_ Mining Laser destroyed. 01067_ Lgt. Treads destroyed. 01067_ Datajack destroyed. 01071_ Lgt. Treads destroyed. Map ----- +----------------------------------------------------+ | ????? ???????# #?????????# #?????# #???### | | ????? ???????## ####?????# #?????# #?????? | | ????? ????????#### # ##????# #????## ##????? | | ????? ???????????## #????# #???## ##???? | | ?????????????????## %# ####### ##### #??## | | ?????????????????# #??# | | ?????????????????# # #######% ##?## | | ?????????????????# ##???## #### | | ?????????????????# #????## ## | | ?????????????????## #?????# | | ?????????????????## % #??????## | | ?????????????? ## ## # #???????##### | | ????????????? ?# #??#######??## | | ????????????? ] # #?## # ##??## | | ????????????? %= #?# ##??#### | | ????????????? * # ##?# #?????# | | ??????????????# ?## #### #?????? | | ??????????????## ##??## #??????? | | ???????????????# % ????# ##### ##?????? | | ??????????????## ?????####??# #?????? | | ??????????????? ? #????## ##?# ##?????? | | ????????????????? ??????# #### # ##?????? | | ??????????????????# ###### ## #?????? | | ????????????####### d #?????? | | ??????????? #?????? | | ??????????????????# @ #### ##?????? | | ??????????????????#### < #??# #??????? | | ?????????????????????## d ##??## #??????? | | ?????????????????????? ###?????###??????? | | ?????????????????????### #????????????????? | | ???????????????????????## # #????????????????? | | ????????????????????????# #????????????????? | | ????????????????????????# #????????????????? | | ????????????????????????# #????????????????? | | ???????????????????????# #????????????????? | | ???????????????????????# #????????????????? | | ???????????????????????## ##????????????????? | | ????????????????????????# ###?????????????????? | | ????????????????????????#####???????????????????? | | ????????????????????????????????????????????????? | | ????????????????????????????????????????????????? | | | | | | | | | | | | | | | | | | | +----------------------------------------------------+ Best States ------------- Heat Dissipation 25 Energy Generation 14 Energy Capacity 250 Matter Stores 300 Matter Capacity 300 Sight Range 16 Terrain Scan Density 10 Evasion (%) 50 Recoil Reduction 2 Item Schematics ----------------- None Robot Schematics ------------------ None Fabricated ------------ Nothing Alien Tech Used ----------------- None Achievements -------------- None Challenges ------------ None Game ------ Seed MomentumThermicGun Manual? 0 Play Time 00:09:57 Cumulative 188.2 hours Start 2024.09.07 @ 21:36:06 End 2024.09.07 @ 21:43:11 Sessions 1 Manual Loads 0 Difficulty Rogue Special Mode None Game No. 192 Rogue 192 Adventurer 0 Explorer 0 Win Type - Total 0 Types 0/0/0/0/0/0/0/0/0 Lore% 20 Gallery% 57 Achievement% 42 Wizard Run 0 Options --------- Layout 0 ASCII 0 Keyboard 1 Movement Vi Keybinds 0 Fullscreen 1 Font 24/Smallcaps Map View 76x50 Zoom Use 0% Tactical HUD 1 Map Filters NONE Filters NONE Steam 1 RUN: 62fec0e0-7556-43fa-b5bb-dd630887c369